 Dungeon Crawl Stone Soup version 0.30-a0-371-gad7725a93e (webtiles) character file.

Game seed: 8677109494396650710

120 mopl the Magician (level 4, -3/33 HPs)
             Began as a Draconian Fire Elementalist on Nov 20, 2022.
             Slain by Grinder (8 damage)
             ... while paralysed by Grinder
             ... on level 3 of the Dungeon.
             The game lasted 00:04:20 (1967 turns).

mopl the Magician (Draconian Fire Elementalist)     Turns: 1967, Time: 00:04:21

Health: -3/33      AC:  8    Str:  7 (10) XL:     4   Next: 75%
Magic:  0/9        EV:  2    Int: 14 (17) God:
Gold:   19         SH:  0    Dex:  9 (12) Spells: 3/9 levels left

rFire   . . .      SeeInvis .    d - +0 spear
rCold   . . .      Faith    .    (no shield)
rNeg    + . .      Spirit   .    (body armour unavailable)
rPois   .          Reflect  .    l - +2 hat
rElec   .          Harm     .    b - +0 cloak
rCorr   .          Rampage  .    (no gloves)
Will    .....                    (no boots)
Stlth   ++........               (no amulet)
HPRegen 0.25/turn                i - ring of positive energy
MPRegen 0.11/turn                (no ring)

@: paralysed
A: AC +5, unfitting armour, cold-blooded
a: no special abilities


You were on level 3 of the Dungeon.
You visited 1 branch of the dungeon, and saw 3 of its levels.

You collected 136 gold pieces.
You spent 117 gold pieces at shops.

Inventory:

Hand Weapons
 d - a +0 spear (weapon)
Missiles
 s - 5 boomerangs (quivered)
 y - 4 poisoned darts
Armour
 b - a +0 cloak (worn)
 l - a +2 hat (worn)
Jewellery
 i - a ring of positive energy (left hand)
Scrolls
 e - 6 scrolls of teleportation
 g - a scroll of poison {unknown}
 h - a scroll of immolation {unknown}
 m - 3 scrolls of brand weapon {unknown}
 n - 3 scrolls of enchant weapon {unknown}
 p - a scroll of enchant armour {unknown}
 u - a scroll of vulnerability {unknown}
 w - 2 scrolls of noise {unknown}
 x - a scroll of torment {unknown}
 A - a scroll of fear
Potions
 a - a potion of magic
 c - a potion of haste
 f - a potion of curing
 j - a potion of brilliance
 k - 2 potions of heal wounds {unknown}
 q - a potion of might {unknown}
 r - 3 potions of degeneration
 v - a potion of attraction {unknown}
 z - a potion of berserk rage {unknown}


   Skills:
 - Level 1.7 Dodging
 - Level 1.7 Stealth
 + Level 3.3 Spellcasting
 + Level 3.0 Conjurations
 + Level 1.6 Translocations
 - Level 3.0 Fire Magic


You had 3 spell levels left.
You knew the following spells:

 Your Spells              Type           Power      Damage    Failure   Level
a - Foxfire               Conj/Fire      40%        2x1d6     6%          1
b - Scorch                Fire           20%        2d6       9%          2
c - Kindle Blastsparks    Fire/Tloc/Air  12%        2d11      32%         3

Your spell library contained the following spells:

 Spells                   Type           Power      Damage    Failure   Level
 Ensorcelled Hibernation  Hex/Ice        4%         N/A       30%         2
 Passwall                 Tmut/Erth      1%         N/A       30%         2
 Inner Flame              Hex/Fire       6%         N/A       32%         3
 Swiftness                Air            2%         N/A       52%         3
 Flame Wave               Conj/Fire      10%        2d6       52%         4
 Malign Gateway           Summ/Tloc      2%         N/A       100%        7
 Summon Horrible Things   Summ           1%         N/A       100%        8


Dungeon Overview and Level Annotations

Branches:
Dungeon (3/15)

Altars:

Shops:
D:2 ?

Annotations:
D:3 Grinder


Innate Abilities, Weirdness & Mutations

Your plain brown scales are hard. (AC +5)
You cannot fit into any form of body armour.
You are cold-blooded and may be slowed by cold attacks.


Message History

Throw: 5 boomerangs
Press: ? - help, Q - select action, (/) - cycle Shift-Dir - straight line, f/p - Grinder
Aim: Grinder (severely wounded, more vulnerable to fire, 47% to hit)
You throw a boomerang. The boomerang hits Grinder.
Grinder is almost dead.
Grinder says, "What is the universe for?"
You hit Grinder but do no damage.
Your tail-slap misses Grinder.
Grinder is almost dead.
Grinder hits you.
* * * LOW HITPOINT WARNING * * *
Unknown command.
You closely miss Grinder.
Grinder is almost dead.
Grinder gestures at you. Pain shoots through your body!
* * * LOW HITPOINT WARNING * * *
Unknown command.
Throw: 5 boomerangs
Press: ? - help, Q - select action, (/) - cycle Shift-Dir - straight line, f/p - Grinder
Aim: Grinder (almost dead, more vulnerable to fire, 47% to hit)
Okay, then.
You hit Grinder. You punch Grinder, but do no damage.
Grinder is almost dead.
Grinder gestures at you. Pain shoots through your body!
* * * LOW HITPOINT WARNING * * *
Unknown command.
Casting: Scorch (safe; 9% risk of failure)
Confirm with . or Enter, or press ? or * to list all spells.
You conjure some foxfire!
Grinder says, "Don't move a muscle."
Grinder closely misses you.
Your foxfire dissipates!
The foxfire hits Grinder.
Grinder is burned terribly!
Grinder is almost dead.
Grinder gestures at you.
You suddenly lose the ability to move!
Grinder says, "Mostly I couldn't keep them alive."
Grinder hits you!
You die...

............#<###...#....>..# #.#
.†..†.......#.##..#.###.....###.#
##.######'#.#...................#
##(# #.#.#.##.##.####...###...
##.# #.#..................#.##
##(# #.#.#....#..##.#.###.#.##
##.# #.#.#..#.#..........)....
##.# #.###..#.#...#.#.###.#.##
##.# #.###..#@#...#^#.# #.#.#
##.# #.##(....5.....#.# #.#.#
##.### ##....#.#.#<..###.###.#.#
##.#.. ......+...............#.#
.#.#.#####...#.#...#.........#.#
.r.#...................#.##.##.#
#..#.# ##..............##.##.#
.....#####...###....###...#+##.#
.....r......#...#..#...#.......#


You could see Grinder (combustible).

Vanquished Creatures
  5 adders
  A worm (D:3)
  3 dart slugs
  4 bats
  10 endoplasms
  A giant cockroach (D:1)
  2 goblins (D:1)
  6 hobgoblins
  2 jackals (D:3)
  3 quokkas
  9 ball pythons
  2 frilled lizards
  10 kobolds
  4 rats
62 creatures vanquished.

Vanquished Creatures (others)
  4 foxfires
4 creatures vanquished.

Grand Total: 66 creatures vanquished

Notes
Turn   | Place    | Note
-------+----------+-------------------------------------------
     0 | D:1      | mopl the Draconian Fire Elementalist began the quest for
                  | the Orb.
     0 | D:1      | Reached XP level 1. HP: 14/14 MP: 3/3
    70 | D:1      | Reached XP level 2. HP: 20/20 MP: 3/5
    73 | D:1      | Learned a level 2 spell: Scorch
   201 | D:1      | Reached skill level 2 in Conjurations
   518 | D:1      | Reached XP level 3. HP: 26/26 MP: 7/7
   527 | D:1      | Learned a level 3 spell: Kindle Blastsparks
   809 | D:2      | Found Amoha's Magic Scroll Emporium.
   819 | D:2      | Bought a scroll of teleportation for 39 gold pieces
  1145 | D:2      | Reached skill level 3 in Spellcasting
  1275 | D:2      | Reached skill level 1 in Translocations
  1337 | D:3      | Reached XP level 4. HP: 33/33 MP: 1/8
  1498 | D:2      | Bought a scroll of identify for 26 gold pieces
  1666 | D:2      | Bought a scroll of fear for 52 gold pieces
  1879 | D:3      | Noticed Grinder
  1881 | D:3      | Reached skill level 3 in Conjurations
  1965 | D:3      | Paralysed by Grinder for 5 turns
  1967 | D:3      | Slain by Grinder

Illustrated notes

Levels and vault maps discovered:
D:1:      roderic_chinese_lattice_arrival, layout_loops_ring,
          nicolae_figureground_sparkle
D:2:      layout_rooms, serial_shops, nicolae_shop_trees, minmay_pentomino_v2
D:3:      layout_basic, amcnicky_altar_gilded, fountainhead, uniq_grinder

Skill      XL: |  1  2  3  4 |
---------------+-------------+-----
Conjurations   | 2 3 |  3.0
Spellcasting   | 3 |  3.3
Translocations | 1 |  1.6
Dodging        | |  1.7
Stealth        | |  1.7
Fire Magic     | |  3.0

Action                   |  1- 3 |  4- 6 || total
-------------------------+-------+-------++-------
Melee: Spear             |    97 |    41 ||   138
       Tailslap          |    10 |     2 ||    12
       Unarmed           |     1 |       ||     1
       Punch             |     2 |     1 ||     3
Throw: Throwing net      |       |     1 ||     1
       Boomerang         |       |     1 ||     1
 Cast: Foxfire           |     3 |     1 ||     4
       Scorch            |    31 |    19 ||    50
  Use: Scroll            |       |     3 ||     3
       Potion            |       |     1 ||     1
 Stab: Sleeping          |     1 |       ||     1
Armor: Skin              |    27 |    17 ||    44
Dodge: Dodged            |    69 |    37 ||   106

Table legend: (Time is in decaauts)
 A = Elapsed time spent in this place.
 B = Non-inter-level travel time spent in this place.
 C = Inter-level travel time spent in this place.
 D = Time resting spent in this place.
 E = Time spent auto-exploring this place.
 F = Levels seen in this place.
 G = Mean time per level.
                   A        B        C        D        E       F      G
               +--------+--------+--------+--------+--------+-----+--------+
         Total |   1986 |   1830 |    156 |     82 |   1237 |   3 |  662.0 |
       Dungeon |   1986 |   1830 |    156 |     82 |   1237 |   3 |  662.0 |
               +--------+--------+--------+--------+--------+-----+--------+

Top non-repeatable levels by time:
     D:1: 808 daAuts
     D:3: 597 daAuts
     D:2: 581 daAuts
